 Dungeon Crawl Stone Soup version 0.26.0-10-g1f06aea511 (webtiles) character file.

Game seed: 12444820773939012222

114825 vatarom the Warrior (level 16, 0/108 HPs)
             Began as a Demonspawn Gladiator on Jan 17, 2021.
             Was an Elder of Hepliaklqana.
             Slain by a sun demon (15 damage)
             ... summoned by an orc high priest
             ... on level 2 of the Orcish Mines.
             The game lasted 01:10:34 (34763 turns).

vatarom the Warrior (Demonspawn Gladiator)         Turns: 34763, Time: 01:10:34

Health: 0/108      AC: 14    Str: 25    XL:     16   Next: 17%
Magic:  0/23       EV: 18    Int: 15    God:    Hepliaklqana [****..]
Gold:   2477       SH:  0    Dex: 24    Spells: 15/15 levels left

rFire    . . .     SeeInvis .   a - +7 quarterstaff (protect)
rCold    . . .     Faith    +   (shield currently unavailable)
rNeg     + + .     Spirit   +   D - +1 ring mail {Will+}
rPois    .         Reflect  .   J - +1 hat
rElec    +         Harm     .   T - +1 cloak {rCorr}
rCorr    +         Rampage  .   u - +2 pair of gloves
Will     ++...                  (boots unavailable)
Stlth    +.........             c - amulet of faith
HPRegen  0.28/turn              A - ring of Gaameosu {rN+ Int+3 Dex+6}
MPRegen  0.36/turn              M - ring "Zuag" {rElec rN+ Str+5}

@: no status effects
A: reduced essence, hooves 3, frail 1, powered by pain 2, strong 1, magic
shield, magic regeneration, no potion heal 1, big brain 1
a: Renounce Religion, Recall Ancestor, Ancestor Identity, Transference, Idealise


You were on level 2 of the Orcish Mines.
You worshipped Hepliaklqana.
Hepliaklqana was greatly pleased with you.
You visited 4 branches of the dungeon, and saw 24 of its levels.
You also visited: Bailey and Gauntlet.

You collected 2914 gold pieces.
You spent 437 gold pieces at shops.

Inventory:

Hand Weapons
 a - a +7 quarterstaff of protection (weapon)
Missiles
 d - 3 throwing nets {!f}
 q - 108 poisoned darts
 z - 8 curare-tipped darts (quivered)
 V - 17 silver javelins
Armour
 u - a +2 pair of gloves (worn)
 D - a +1 ring mail of willpower (worn)
 J - a +1 hat (worn)
 T - a +1 cloak of preservation (worn)
Jewellery
 c - an amulet of faith (around neck)
 t - the ring of the Shrike {rElec MP+9 SInv}
   (You found it on level 4 of the Lair of Beasts)

   [ring of magical power]

   It insulates you from electricity.
   It affects your magic capacity (+9).
   It lets you see invisible.
 v - a +4 ring of evasion
 A - the ring of Gaameosu (left hand) {rN+ Int+3 Dex+6}
   (You found it on level 5 of the Lair of Beasts)

   [ring of dexterity]

   It affects your intelligence (+3).
   It affects your dexterity (+6).
   It protects you from negative energy.
 I - the amulet "Durad" {Faith rPois rN+ Int-2}
   (You found it on level 3 of the Lair of Beasts)

   [amulet of faith]

   It allows you to gain divine favour quickly.
   It affects your intelligence (-2).
   It protects you from poison.
   It protects you from negative energy.
 L - an uncursed amulet of magic regeneration
 M - the ring "Zuag" (right hand) {rElec rN+ Str+5}
   (You found it on level 1 of the Orcish Mines)

   [ring of positive energy]

   It affects your strength (+5).
   It insulates you from electricity.
   It protects you from negative energy.
 S - an uncursed ring of willpower
 U - an uncursed ring of flight
 Z - an uncursed amulet of the acrobat
Wands
 e - a wand of random effects (14)
 f - a wand of paralysis (19)
 n - a wand of digging (16) {@v1}
 o - a wand of flame (44)
 r - a wand of polymorph (24)
 G - a wand of iceblast (7) {@v4}
 N - a wand of disintegration (3)
Scrolls
 b - 2 scrolls of blinking {@r4}
 i - a scroll of brand weapon
 j - 6 scrolls of remove curse {@r2}
 l - 3 scrolls of fog
 p - 2 scrolls of enchant armour
 w - 5 scrolls of immolation
 y - 4 scrolls of magic mapping
 B - 3 scrolls of fear
 C - a scroll of identify {@r1}
 O - 2 scrolls of teleportation {@r3}
 W - 2 scrolls of enchant weapon
 Y - 2 scrolls of amnesia
Potions
 g - 7 potions of brilliance {@q6}
 h - 9 potions of attraction
 k - a potion of magic
 m - 3 potions of resistance
 s - 3 potions of degeneration {unknown}
 H - 2 potions of invisibility
 K - 2 potions of cancellation
 P - a potion of berserk rage
 R - a potion of might {@q4}
Miscellaneous
 F - a condenser vane (inert)
 X - a tin of tremorstones (2/2)


   Skills:
 + Level 15.1 Fighting
 + Level 14.1 Staves
 - Level 10.8 Throwing
 - Level 6.7 Armour
 - Level 8.0 Dodging
 - Level 10.5 Invocations
 - Level 8.0 Evocations


You had 15 spell levels left.
You didn't know any spells.
Your spell library contained the following spells:

 Spells                   Type           Power        Failure   Level
 Animate Skeleton         Necr           0%           36%         1
 Apportation              Tloc           0%           36%         1
 Corona                   Hex            0%           36%         1
 Foxfire                  Conj/Fire      0%           36%         1
 Magic Dart               Conj           0%           36%         1
 Sting                    Tmut/Pois      0%           36%         1
 Summon Small Mammal      Summ           0%           36%         1
 Blink                    Tloc           N/A          52%         2
 Call Imp                 Summ           0%           52%         2
 Corpse Rot               Necr/Air       N/A          52%         2
 Poisonous Vapours        Pois/Air       0%           52%         2
 Slow                     Hex            0%           52%         2
 Conjure Flame            Conj/Fire      0%           75%         3
 Ignite Poison            Fire/Tmut/Pois 0%           75%         3
 Inner Flame              Hex/Fire       0%           75%         3
 Mephitic Cloud           Conj/Pois/Air  0%           75%         3
 Stone Arrow              Conj/Erth      0%           75%         3
 Leda's Liquefaction      Hex/Erth       0%           98%         4
 Olgreb's Toxic Radiance  Pois           0%           98%         4
 Sticky Flame             Conj/Fire      0%           98%         4
 Bolt of Magma            Conj/Fire/Erth 0%           100%        5
 Fireball                 Conj/Fire      0%           100%        5
 Summon Forest            Summ/Tloc      0%           100%        5
 Eringya's Noxious Bog    Tmut/Pois      0%           100%        6
 Hydra Form               Tmut           0%           100%        6
 Iron Shot                Conj/Erth      0%           100%        6
 Statue Form              Tmut/Erth      0%           100%        6
 Summon Hydra             Summ           0%           100%        7
 Shatter                  Erth           0%           100%        9


Dungeon Overview and Level Annotations

Branches:
Dungeon (15/15)            Temple (1/1) D:5            Lair (6/6) D:8
  Swamp (0/4) Lair:2       Spider (0/4) Lair:2        Slime (0/5) Lair:5
    Orc (2/2) D:11            Elf (0/3) Orc:2        Vaults (0/5) D:14
 Depths (0/5) D:15         Bailey (visited)         Gauntlet (visited)

Altars:
Ashenzari
Cheibriados
Dithmenos
Elyvilon
Fedhas
Gozag
Hepliaklqana
Kikubaaqudgha
Makhleb
Nemelex Xobeh
Okawaru
Qazlal
Ru
Sif Muna
Trog
Uskayaw
Vehumet
Wu Jian
Xom
Yredelemnul
Zin
The Shining One
Lugonu

Shops:
D:7 :   D:8 ?   D:11 [   D:13 :   Orc:1 *[?   Orc:2 ***

Portals:
Abyss: D:8

Annotations:
D:3 3 runed translucent doors, rnawigator's ghost, amateur MfGl
D:4 1 runed translucent door, Inarius's ghost, amateur MiGl
Lair:6 3 runed translucent doors, UristMcRaven's ghost, adept DECj; inmateoo's ghost, journeyman NaEE


Innate Abilities, Weirdness & Mutations

You have hooves in place of feet.
You sometimes gain power by taking damage.
When hurt, damage is shared between your health and your magic reserves.
You regenerate magic rapidly.
You have an unusually large brain. (Int +2)
Your life essence is reduced to manifest your ancestor. (-10% HP)
You are frail. (-10% HP)
Your muscles are strong. (Str +2)
Potions are less effective at restoring your health.


Message History

What are your orders? t - Shout!
Orders for allies: a - Attack new target. p - Attack previous target. r - Retreat! s - Stop attacking. g - Guard the area. f - Follow me.
Anything else - Cancel.
Gang up on whom?
Press: ? - help, Dir - move target, f/p - orc high priest
Aim: an orc high priest, wielding a +1 war axe of electrocution and wearing a +0 scale mail Attack!
The sun demon completely misses you.
The orc high priest mumbles some strange prayers to Beogh against you.
Beogh smites you!
* * * LOW HITPOINT WARNING * * *
Okay, then.
As you read the scroll of fear, it crumbles to dust.
You assume a fearsome visage.
The sun demon is unaffected.
The orc high priest easily resists.
The sun demon hits you.
* * * LOW HITPOINT WARNING * * *
You are engulfed in flames!
You die...

..###...#....## .###∩.#..).)##
###.....#..## .. .###∩.#.....##
... ## ##...#.)..## #.#. ### ##
##....#...## #o5.###.## .#
##))))....## #3..# #...## ##
##..###..)## #455# ##...# .##
##))###.)@###35.# ###..... ..#
####..###.)3#)R5# ##....... .##
##.###..###.#o#.## #........
#.####...###)[###...## ##.......
...#.#....###..###.## ##......
.......^..[###..#### ###....
#.....).....###.)## ##....
##...........##...## ### #.∩...
#....[).......#...)###.#####.....


You could see an orc high priest and a sun demon (summoned).

Vanquished Creatures
  A fire giant (D:15)
  The ghost of Rygut the Fighter, a journeyman DrFi of Ashenzari (D:11)
  A stone giant (Orc:2)
  A minotaur (Gauntlet)
  The ghost of RadicalHijinx the Cleaver, a journeyman PaFi of Hepliaklqana (Lair:3)
  Snorg (Lair:3)
  The ghost of Philosiphyzer the Grappler, a journeyman TrMo of Wu Jian (Orc:1)
  A fire dragon (Lair:6)
  6 hydras
  A vault guard (D:14)
  3 boulder beetles (D:15)
  The ghost of Urehun the Martial Artist, a journeyman OpFi of Gozag (Lair:2)
  3 death yaks (Lair:3)
  2 centaur warriors (D:15)
  5 two-headed ogres
  A sixfirhy (Gauntlet)
  A spectral death yak (Lair:2)
  2 skeletal warriors (D:13)
  5 lindwurms
  8 orc knights
  A wizard (D:15)
  4 cyclopes
  A wolf spider (D:15)
  7 ugly things
  6 orc sorcerers
  3 centaur zombies
  3 oklob plants (Lair:5)
  2 manticores
  7 elephants
  2 rust devils (Orc:2)
  3 black mambas
  3 molten gargoyles
  7 cane toads
  2 kobold demonologists (D:15)
  8 komodo dragons
  A demonic crawler (Lair:1)
  2 efreet
  A red devil (Orc:2)
  2 hellwings
  2 tengu conjurers (D:15)
  4 trolls
  Prince Ribbit (D:5)
  4 hornets
  7 blink frogs
  8 dream sheep
  2 polar bears
  17 slime creatures
  2 meliai zombies (D:8)
  A spectral black mamba (Lair:2)
  A shadow (D:6)
  31 yaks
  Sigmund (D:6)
  7 basilisks
  Eustachio (D:6)
  A tarantella (shapeshifter) (D:14)
  7 wyverns
  7 fire elementals
  3 steam dragons
  A chaos spawn (Gauntlet)
  4 wraiths
  8 vampire mosquitoes
  4 wargs
  A death yak simulacrum (Lair:2)
  A spectral cane toad (Lair:2)
  2 acid dragons
  7 hell hounds
  20 water moccasins
  2 black bears
  37 orc warriors
  3 sky beasts
  A necrophage (D:12)
  5 ice beasts
  An eye of draining (D:9)
  A phantom (D:9)
  A black mamba simulacrum (Lair:2)
  12 wolves
  3 boggarts (D:15)
  7 ogres
  7 centaurs
  4 big kobolds
  13 bullfrogs
  2 wyvern zombies
  A gnoll sergeant (D:9)
  A water moccasin zombie (D:8)
  8 scorpions
  4 wights (D:14)
  3 howler monkeys (D:9)
  A hexer (Lair:2)
  2 bullfrog zombies
  6 lava snakes
  3 jellies
  2 quasits
  4 centaur skeletons
  14 orc wizards
  24 orc priests
  7 hounds
  2 bullfrog skeletons
  An iguana (D:11)
  Ijyb (D:3)
  Natasha (thrice) (D:1)
  12 worker ants
  3 hell rats (Lair:3)
  A killer bee zombie (D:10)
  A hound skeleton (D:8)
  2 hound zombies
  2 worker ant zombies
  Robin (D:1)
  10 gnolls
  7 adders
  3 shadow imps (D:8)
  10 white imps
  6 ufetubi
  2 adder zombies
  4 worms
  A dart slug (D:3)
  2 leopard geckos
  90 orcs
  A ball python (D:2)
  4 bat skeletons (D:6)
  2 bat zombies (D:6)
  7 giant cockroaches
  24 goblins
  8 hobgoblins
  6 jackals
  13 kobolds
  4 quokkas
  4 bats
  7 frilled lizards
  A giant cockroach zombie (D:5)
  A quokka zombie (D:8)
  7 rats
  A lurking horror (D:8)
699 creatures vanquished.

Vanquished Creatures (collateral kills)
  Azrael (Orc:2)
  2 hydras
  A centaur warrior (D:14)
  A catoblepas (Lair:5)
  A skeletal warrior (D:13)
  An orc knight (Bailey)
  An ugly thing (D:15)
  An oklob plant (Lair:5)
  Maurice (D:9)
  A moth of wrath (Lair:3)
  A centaur skeleton (D:8)
  2 black mambas
  4 cane toads
  A rime drake (Lair:5)
  A komodo dragon (Lair:6)
  A troll (D:13)
  6 blink frogs
  A slime creature (Lair:5)
  3 dream sheep
  A wyvern (D:11)
  6 yaks
  4 basilisks
  A neqoxec (Gauntlet)
  2 vampire mosquitoes (D:15)
  3 hell hounds
  5 water moccasins
  6 orc warriors
  A phantom (D:9)
  2 sky beasts
  A hornet zombie (D:8)
  A boggart (D:15)
  A big kobold (D:7)
  5 bullfrogs
  A wyvern zombie (D:8)
  A gnoll sergeant (D:6)
  A scorpion (D:5)
  A howler monkey (D:4)
  A jelly (D:9)
  2 orc wizards
  3 orc priests
  4 hounds
  3 worker ants
  A hell rat (Lair:3)
  3 gnolls
  4 adders
  2 shadow imps (D:8)
  3 white imps (Orc:2)
  An ooze (D:4)
  An adder zombie (D:9)
  An adder skeleton (D:6)
  26 orcs
  2 bats (D:3)
  2 giant cockroaches
  A hobgoblin (D:2)
  A jackal (D:4)
  3 kobolds (D:7)
  A goblin (D:10)
139 creatures vanquished.

Vanquished Creatures (others)
  An orc warrior (Orc:2)
  2 centaurs (D:15)
  28 hexers
  An ancestor (D:3)
  A bush (Lair:5)
  30 fungi
  A lurking horror (D:8)
  53 plants
  14 withered plants
131 creatures vanquished.

Grand Total: 969 creatures vanquished

Notes
Turn   | Place    | Note
-------+----------+-------------------------------------------
     0 | D:1      | vatarom the Demonspawn Gladiator began the quest for the
                  | Orb.
     0 | D:1      | Reached XP level 1. HP: 16/16 MP: 1/1
   154 | D:1      | Gained mutation: You have an unusually large brain. (Int
                  | +2) [demonic ancestry]
   154 | D:1      | Reached XP level 2. HP: 18/23 MP: 2/2
   466 | D:1      | Reached XP level 3. HP: 28/28 MP: 3/3
   838 | D:2      | Noticed Natasha
  1153 | D:2      | Noticed Robin
  1164 | D:1      | Killed Natasha
  1165 | D:1      | Gained mutation: When hurt, damage is shared between your
                  | health and your magic reserves. [demonic ancestry]
  1165 | D:1      | Reached XP level 4. HP: 31/34 MP: 4/4
  1206 | D:1      | Noticed Natasha
  1213 | D:1      | Killed Natasha
  1214 | D:1      | Reached skill level 3 in Fighting
  1318 | D:1      | Noticed Natasha
  1328 | D:1      | Killed Natasha
  1632 | D:1      | Killed Robin
  1633 | D:1      | Reached XP level 5. HP: 38/41 MP: 5/5
  1674 | D:2      | Found a faded altar of an unknown god.
  1685 | D:2      | Became a worshipper of Hepliaklqana the Forgotten
  1685 | D:2      | Reached * piety under Hepliaklqana
  1718 | D:2      | Fell from the grace of Hepliaklqana
  2012 | D:2      | Became a worshipper of Hepliaklqana the Forgotten
  2233 | D:2      | Found a glowing silver altar of Zin.
  2430 | D:3      | Noticed Ijyb
  2454 | D:3      | Killed Ijyb
  2788 | D:3      | Found a white marble altar of Elyvilon.
  2836 | D:3      | Found a basalt altar of Yredelemnul.
  2841 | D:3      | Reached skill level 5 in Staves
  2882 | D:3      | Found a shadowy altar of Dithmenos.
  3077 | D:3      | Noticed rnawigator's ghost (amateur MfGl)
  3098 | D:3      | Found a runed translucent gate.
  3098 | D:3      | Found a runed translucent gate.
  3098 | D:3      | Found a runed translucent gate.
  3460 | D:4      | Reached skill level 1 in Armour
  3460 | D:4      | Gained mutation: You sometimes gain a little power by
                  | taking damage. [demonic ancestry]
  3460 | D:4      | Reached XP level 6. HP: 40/43 MP: 6/6
  3534 | D:4      | Reached skill level 4 in Fighting
  3759 | D:4      | Noticed a sky beast
  3769 | D:4      | Killed a sky beast
  3928 | D:4      | Gained mutation: You have large cloven feet. [demonic
                  | ancestry]
  3928 | D:4      | Reached XP level 7. HP: 46/49 MP: 7/7
  4079 | D:4      | Found a snail-covered altar of Cheibriados.
  4254 | D:4      | Found an ornate altar of the Wu Jian Council.
  4327 | D:4      | Found a runed translucent door.
  4330 | D:4      | Noticed Inarius's ghost (amateur MiGl)
  4591 | D:5      | Entered Level 5 of the Dungeon
  4751 | D:5      | Reached ** piety under Hepliaklqana
  4752 | D:5      | Remembered your ancestor Based Kek as a hexer
  4813 | D:5      | Found a staircase to the Ecumenical Temple.
  4926 | Temple   | Entered the Ecumenical Temple
  5083 | D:5      | Noticed Prince Ribbit
  5092 | D:5      | Reached skill level 5 in Fighting
  5099 | D:5      | Killed Prince Ribbit
  5203 | D:5      | Reached XP level 8. HP: 55/55 MP: 8/8
  5314 | D:5      | Found a burning altar of Makhleb.
  5582 | D:6      | Noticed Sigmund
  5599 | D:6      | Killed Sigmund
  5624 | D:6      | Noticed Eustachio
  5634 | D:6      | Killed Eustachio
  5635 | D:6      | Reached skill level 5 in Throwing
  6006 | D:6      | Found an opulent altar of Gozag.
  6270 | D:6      | Reached skill level 6 in Fighting
  6591 | D:6      | Found an ancient bone altar of Kikubaaqudgha.
  6826 | D:7      | Found Jehoe's Book Boutique.
  6849 | D:7      | Reached *** piety under Hepliaklqana
  6898 | D:7      | Gained mutation: You regenerate magic rapidly. [demonic
                  | ancestry]
  6898 | D:7      | Reached XP level 9. HP: 63/63 MP: 9/9
  6917 | D:7      | Reached skill level 1 in Invocations
  7120 | D:7      | Noticed a cyclops
  7139 | D:7      | Killed a cyclops
  7360 | D:7      | Reached skill level 7 in Fighting
  7814 | D:7      | Reached skill level 5 in Armour
  7879 | D:8      | Found a staircase to the Lair.
  7942 | D:8      | Reached XP level 10. HP: 57/71 MP: 9/13
  8004 | D:8      | Found an iron altar of Okawaru.
  8129 | D:8      | Reached skill level 5 in Invocations
  8277 | D:8      | Found a corrupted altar of Lugonu.
  8328 | D:8      | Found a one-way gate to the infinite horrors of the Abyss.
  8449 | D:8      | Reached skill level 8 in Fighting
  8751 | D:8      | Found Jegretwu's Magic Scroll Boutique.
  8757 | D:8      | Bought a scroll of brand weapon for 300 gold pieces
  8867 | D:8      | Reached **** piety under Hepliaklqana
  9113 | D:9      | Noticed a two-headed ogre
  9132 | D:9      | Killed a two-headed ogre
  9416 | D:9      | Found a hide-covered altar of Uskayaw.
  9417 | D:9      | Found a hazy altar of Hepliaklqana.
  9417 | D:9      | Found a broken altar of Ashenzari.
  9450 | D:9      | Reached XP level 11. HP: 78/78 MP: 4/15
  9458 | D:9      | Reached skill level 9 in Fighting
  9559 | D:9      | Noticed Maurice
  9566 | D:9      | Killed Maurice
  9645 | Lair:1   | Entered Level 1 of the Lair of Beasts
  9836 | Lair:1   | Noticed a six-headed hydra
  9849 | Lair:1   | Killed a six-headed hydra
  9850 | Lair:1   | Reached skill level 10 in Staves
 10428 | Lair:2   | Found a runed translucent gate.
 10428 | Lair:2   | Found a runed translucent gate.
 10428 | Lair:2   | Found a runed translucent gate.
 10428 | Lair:2   | Noticed Urehun's ghost (journeyman OpFi)
 11171 | Lair:2   | Reached skill level 10 in Fighting
 11218 | Lair:2   | Found a staircase to the Swamp.
 11555 | Lair:2   | Noticed a seven-headed hydra
 11603 | Lair:1   | Reached skill level 5 in Dodging
 11603 | Lair:1   | Reached XP level 12. HP: 32/87 MP: 8/17
 11852 | Lair:2   | Killed a seven-headed hydra
 12178 | Lair:2   | Found a hole to the Spider Nest.
 12313 | Lair:2   | Noticed an eight-headed hydra
 12324 | Lair:2   | Killed an eight-headed hydra
 12827 | Lair:2   | Noticed a seven-headed hydra
 12991 | Lair:2   | Killed a seven-headed hydra
 13446 | Lair:2   | Killed Urehun's ghost
 13856 | Lair:2   | Got a steaming ivory ring
 13859 | Lair:2   | Identified the ring "Lucunwyst" {Ice rN+ Stlth+} (You found
                  | it on level 2 of the Lair of Beasts)
 13868 | Lair:2   | Reached skill level 11 in Fighting
 13868 | Lair:2   | Gained mutation: You have hoof-like feet. [demonic
                  | ancestry]
 13868 | Lair:2   | Reached XP level 13. HP: 95/95 MP: 19/19
 14498 | Lair:3   | Noticed Snorg
 14517 | Lair:3   | Killed Snorg
 14666 | Lair:3   | Noticed RadicalHijinx's ghost (journeyman PaFi)
 14699 | Lair:3   | Found a transporter.
 14714 | Lair:3   | Found a transporter.
 14938 | Lair:3   | Gained mutation: You are agile. (Dex +2) [potion of
                  | mutation]
 14938 | Lair:3   | Gained mutation: You expend magic power (3 MP) to
                  | strengthen your wands. [potion of mutation]
 14938 | Lair:3   | Gained mutation: You are frail. (-10% HP) [potion of
                  | mutation]
 14938 | Lair:3   | Gained mutation: You are very agile. (Dex +4) [potion of
                  | mutation]
 16001 | Lair:5   | Found a staircase to the Slime Pits.
 16556 | Lair:5   | Reached XP level 14. HP: 43/91 MP: 16/21
 16575 | Lair:5   | Got a heavily runed glass ring
 16576 | Lair:5   | Identified the ring of Gaameosu {rN+ Int+3 Dex+6} (You
                  | found it on level 5 of the Lair of Beasts)
 17038 | Lair:5   | Reached skill level 10 in Invocations
 17441 | Lair:5   | Lost mutation: You are frail. (-10% HP) [potion of
                  | mutation]
 17441 | Lair:5   | Lost mutation: You are very agile. (Dex +4) [potion of
                  | mutation]
 17441 | Lair:5   | Lost mutation: You expend magic power (3 MP) to strengthen
                  | your wands. [potion of mutation]
 17441 | Lair:5   | Lost mutation: You are agile. (Dex +2) [potion of mutation]
 17441 | Lair:5   | Gained mutation: You have hooves in place of feet. [potion
                  | of mutation]
 17441 | Lair:5   | Gained mutation: Potions are less effective at restoring
                  | your health. [potion of mutation]
 17441 | Lair:5   | Gained mutation: Your system is resistant to poisons.
                  | (rPois) [potion of mutation]
 17529 | Lair:5   | Reached skill level 12 in Fighting
 17783 | Lair:6   | Entered Level 6 of the Lair of Beasts
 18188 | Lair:6   | Reached skill level 1 in Evocations
 18316 | Lair:6   | Found a large runed translucent door.
 18319 | Lair:6   | Reached ***** piety under Hepliaklqana
 18426 | Lair:6   | Found a large runed translucent door.
 18904 | Lair:6   | Found a runed translucent gate.
 18904 | Lair:6   | Found a runed translucent gate.
 18904 | Lair:6   | Found a runed translucent gate.
 18904 | Lair:6   | Noticed inmateoo's ghost (journeyman NaEE)
 18906 | Lair:6   | Noticed UristMcRaven's ghost (adept DECj)
 20498 | D:10     | Entered Level 10 of the Dungeon
 20632 | D:10     | Found a flagged portal.
 20646 | Bailey   | Entered a bailey
 21093 | Bailey   | Got a bound jade amulet
 21098 | Bailey   | Identified the amulet of the Slug {Acrobat rElec rF- rN+++
                  | SInv} (You found it in a bailey)
 21387 | D:11     | Found a gate leading to a gauntlet.
 21403 | D:11     | Found Zoulib's Antique Armour Shoppe.
 21453 | Gauntlet | Entered a Gauntlet
 21453 | Gauntlet | Found a transporter.
 21453 | Gauntlet | Found a transporter.
 21453 | Gauntlet | Found a transporter.
 21463 | Gauntlet | Found a transporter.
 21466 | Gauntlet | Found a transporter.
 21477 | Gauntlet | Found a transporter.
 21477 | Gauntlet | Found a transporter.
 21485 | Gauntlet | Found a transporter.
 21528 | Gauntlet | Gained mutation: Your magical capacity is low. (-10% MP) [a
                  | neqoxec]
 21618 | Gauntlet | Got a brightly glowing glass ring
 21620 | Gauntlet | Identified the ring of Yrphet {MP+9 SInv} (You found it in
                  | a Gauntlet)
 21645 | Gauntlet | Reached skill level 5 in Evocations
 21820 | Gauntlet | Got a heavily runed cloak
 22160 | D:11     | Identified the cursed +3 dagger "Ercher" {drain, +Blink}
 22929 | D:11     | Found a staircase to the Orcish Mines.
 23099 | D:11     | Identified the cursed -1 cloak of Salvation {-Tele Str+5
                  | Int+5} (You found it in a Gauntlet)
 23318 | D:12     | Gained mutation: You sometimes gain power by taking damage.
                  | [demonic ancestry]
 23318 | D:12     | Reached XP level 15. HP: 88/109 MP: 20/20
 23687 | D:12     | Lost mutation: Your magical capacity is low. (-10% MP)
                  | [potion of mutation]
 23687 | D:12     | Lost mutation: Your system is resistant to poisons. (rPois)
                  | [potion of mutation]
 23687 | D:12     | Gained mutation: You are frail. (-10% HP) [potion of
                  | mutation]
 23687 | D:12     | Gained mutation: Your muscles are strong. (Str +2) [potion
                  | of mutation]
 23939 | D:12     | Reached skill level 13 in Fighting
 25174 | D:13     | Found Urex's Book Shoppe.
 25929 | D:14     | Found a gate to the Vaults.
 26850 | D:15     | Entered Level 15 of the Dungeon
 27516 | D:15     | Found a staircase to the Depths.
 27516 | D:15     | Noticed a fire giant
 27525 | D:15     | Killed a fire giant
 27825 | D:15     | Reached skill level 14 in Fighting
 29356 | Lair:3   | Reached skill level 10 in Throwing
 29981 | Lair:3   | Killed RadicalHijinx's ghost
 29986 | Lair:3   | Got a glittering ruby amulet
 30351 | Lair:4   | Got a heavily runed glass ring
 30353 | Lair:4   | Identified the ring of the Shrike {rElec MP+9 SInv} (You
                  | found it on level 4 of the Lair of Beasts)
 30564 | Orc:1    | Entered Level 1 of the Orcish Mines
 30929 | Orc:1    | Found Gacois's Antique Armour Boutique.
 31109 | Orc:1    | Found Uschiog's Assorted Antiques.
 31139 | Orc:1    | Found Mysowkunk's Magic Scroll Emporium.
 31282 | Orc:1    | Found a runed translucent gate.
 31282 | Orc:1    | Found a runed translucent gate.
 31282 | Orc:1    | Found a runed translucent gate.
 31290 | Orc:1    | Noticed Rygut's ghost (journeyman DrFi)
 31290 | Orc:1    | Noticed Philosiphyzer's ghost (journeyman TrMo)
 31637 | D:11     | Killed Rygut's ghost
 31665 | Orc:1    | Killed Philosiphyzer's ghost
 32041 | Orc:1    | Got a vibrating amber ring
 32043 | Orc:1    | Identified the ring "Zuag" {rElec rN+ Str+5} (You found it
                  | on level 1 of the Orcish Mines)
 32200 | Orc:1    | Found Ughux's Magic Scroll Shop.
 32203 | Orc:1    | Bought a scroll of identify for 26 gold pieces
 32203 | Orc:1    | Bought a scroll of identify for 26 gold pieces
 32231 | Orc:1    | Identified the amulet "Durad" {Faith rPois rN+ Int-2} (You
                  | found it on level 3 of the Lair of Beasts)
 32485 | Orc:2    | Entered Level 2 of the Orcish Mines
 32485 | Orc:2    | Found Waugh's Assorted Antiques.
 32560 | Orc:2    | Found a frozen archway.
 32826 | Orc:2    | Found Sotucles's General Store.
 32832 | Orc:2    | Found Waeruir's General Store.
 32855 | Orc:2    | Mutation became permanent: You have hoof-like feet.
                  | [demonic ancestry]
 32855 | Orc:2    | Gained mutation: You have hooves in place of feet. [demonic
                  | ancestry]
 32855 | Orc:2    | Reached XP level 16. HP: 50/107 MP: 12/23
 33037 | Orc:2    | Noticed Azrael
 33049 | Orc:2    | Killed Azrael
 33891 | Orc:2    | Bought 5 curare-tipped darts for 39 gold pieces
 33893 | Orc:2    | Bought 6 curare-tipped darts for 46 gold pieces
 33952 | Orc:2    | Found a staircase to the Elven Halls.
 34290 | Orc:2    | Reached skill level 15 in Fighting
 34763 | Orc:2    | Slain by a sun demon

Illustrated notes

Levels and vault maps discovered:
D:1:      dpeg_arrival_long_road, layout_basic, minmay_lizard_pond
D:2:      layout_loops_ring, marbit_many_paths,
          chequers_ecumenical_altar_simple_redux, serial_bayou_pond_d,
          minmay_diced_spiral, uniq_robin, uniq_natasha
D:3:      layout_loops_ring, elyvilon_altar_5, overflow_temple_1_default,
          overflow_temple_1_default, gammafunk_ghost_icy, serial_bayou_pond_e,
          uniq_ijyb
D:4:      layout_loops_ring, overflow_temple_1_default, general_overflow_altar,
          ebering_ghost_sewer_d, dk_rats_in_the_wall
D:5:      layout_loops_ring, overflow_temple_1_default,
          minmay_temple_entry_junction, uniq_prince_ribbit1
D:6:      layout_basic, kennysheep_vampire_church,
          nicolae_gozag_cash_rules_everything_around_me, minmay_misc_feat_iff,
          chequers_serial_rivers_marsh, uniq_sigmund, uniq_eustachio
D:7:      layout_basic, serial_shops, shop
D:8:      cheibrodos_grave_circle, layout_gridville, old_standard_altar,
          minmay_lair_entry_grove, serial_shops, shop,
          amcnicky_altar_lugonu_corruption
D:9:      layout_roguey, grunt_temple_overflow_open, st_stairs_9,
          nrook_mini_vaults, uniq_maurice
D:10:     layout_cave_pools, enter_bailey_5
D:11:     layout_long_grid, erik_orc_4, gauntlet_entry_generic, serial_shops,
          nicolae_shop_overgrown_old_shop, kennysheep_boxes
D:12:     layout_basic
D:13:     layout_layer_cave, serial_shops, shop
D:14:     layout_irregular_city, david_vaults_5
D:15:     grunt_enter_depths_giant_problem, layout_irregular_city,
          minmay_fountain_box, minmay_circle_x
Temple:   dpeg_three_leaves_temple
Lair:1:   layout_hall_layers, lemuel_fruit_fields
Lair:2:   layout_big_grid, swamp_mist, nicolae_spider_entry_non_spiders,
          gammafunk_ghost_necromancy, chequers_serial_rivers_micro_b,
          minmay_shattered_shrine
Lair:3:   layout_chaotic_city, gammafunk_ghost_berserking_beasts,
          infiniplex_staircase_pool_2, uniq_snorg
Lair:4:   layout_cave_pods, st_stairs_11, minmay_lindwurm_lava
Lair:5:   layout_gridlike, minmay_slime_entry_pillars,
          minmay_lair_oklob_chamber, grunt_megastairs_3
Lair:6:   cheibrodos_lair_end_hotspot, layout_regular_city,
          gammafunk_ghost_cemetery
Orc:1:    layout_caves, gammafunk_ghost_cemetery, serial_shops,
          nicolae_shop_behind_doors, nicolae_shop_overgrown_old_shop, shop, shop
Orc:2:    pf_orc_diabolical, layout_caves, portal_ice_cave_entry_imps,
          serial_shops, shop, special_room, uniq_azrael

Skill      XL: |  1  2  3  4  5  6  7  8  9 10 11 12 13 14 15 16 |
---------------+-------------------------------------------------+-----
Staves         | 3 4 5 6 7 9 11 12 13 14 | 14.1
Fighting       | 3 4 5 6 7 8 10 11 12 14 15 | 15.1
Armour         | 1 3 5 6 |  6.7
Throwing       | 2 4 6 8 10 | 10.8
Invocations    | 4 5 7 8 9 10 | 10.5
Dodging        | 5 6 7 8 |  8.0
Evocations     | 6 8 |  8.0

Action                   |  1- 3 |  4- 6 |  7- 9 | 10-12 | 13-15 | 16-18 || total
-------------------------+-------+-------+-------+-------+-------+-------++-------
Melee: Quarterstaff      |    85 |   206 |   340 |   609 |  1640 |   140 ||  3020
       Kick              |       |       |       |       |   648 |    77 ||   725
Throw: Dart              |       |       |       |     1 |    25 |     3 ||    29
       Javelin           |       |       |       |       |    17 |       ||    17
Invok: Ancestor Identity |       |     2 |       |       |       |       ||     2
       Renounce Religion |       |     1 |       |       |       |       ||     1
       Ancestor Life: He |       |       |     1 |       |       |       ||     1
       Idealise          |       |       |       |     3 |    13 |     4 ||    20
       Transference      |       |       |       |     1 |     6 |     1 ||     8
       Recall Ancestor   |       |       |       |     4 |    13 |     5 ||    22
 Abil: Evoke Flight      |       |       |       |       |     1 |       ||     1
Evoke: Wand              |       |       |       |       |    20 |       ||    20
       Condenser vane    |       |       |       |       |     2 |       ||     2
       Tin of tremorston |       |       |       |       |     1 |       ||     1
  Use: Potion            |     2 |       |     1 |     9 |    11 |     3 ||    26
       Scroll            |       |     6 |     8 |    14 |    27 |     3 ||    58
 Stab: Sleeping          |     1 |       |       |       |       |       ||     1
       Distracted        |       |       |     3 |     5 |    28 |     2 ||    38
       Confused          |       |       |     1 |     9 |    16 |       ||    26
       Paralysed         |       |       |       |       |    23 |     3 ||    26
Armor: Leather armour    |    23 |    33 |       |       |       |       ||    56
       Scale mail        |       |    47 |   229 |   413 |   364 |       ||  1053
       Ring mail         |       |       |       |       |    48 |    36 ||    84
Dodge: Dodged            |    74 |   137 |   229 |   520 |  1221 |    73 ||  2254
